 Dungeon Sprint DCSS version 0.21-a0-630-g344d351 (webtiles) character file.

688 schets the Unseen (level 7, -3/49 HPs)
             Began as a Vampire Assassin on Dec 27, 2017.
             Slain by a killer bee (5 damage)
             ... in the Dungeon (Sprint IV: "Fedhas' Mad Dash").
             The game lasted 00:04:59 (3760 turns).

schets the Unseen (Vampire Assassin)                Turns: 3760, Time: 00:05:00

Health: -3/49      AC:  3    Str: 10    XL:     7   Next: 36%
Magic:  11/13      EV: 12    Int: 14    God:
Gold:   103        SH:  0    Dex: 17    Spells: 6/6 levels left

rFire    . . .     SeeInvis +   a - +2 dagger
rCold    + + .     Gourm    .   (no shield)
rNeg     + + +     Faith    .   c - +0 robe
rPois    ∞         Spirit   .   (no helmet)
rElec    .         Reflect  .   d - +0 cloak
rCorr    .         Harm     .   (no gloves)
MR       .....     NoTele   +   (no boots)
Stlth    ++++++++..             o - amulet of invisibility {+Inv}
HPRegen  0.00/turn              (no ring)
MPRegen  0.13/turn              (no ring)

@: very slightly contaminated, bloodless, non-regenerating, invisible
A: fangs 3, see invisible, unbreathing
a: Bat Form


You were in the Dungeon.
You were bloodless.

You visited 1 branch You collected 103 gold pieces.

Inventory:

Hand Weapons
 a - a +2 dagger (weapon)
 b - a +0 blowgun
Missiles
 e - 8 poisoned needles
 f - 2 curare-tipped needles
Armour
 c - a +0 robe (worn)
 d - a +0 cloak (worn)
Jewellery
 o - the amulet of invisibility (around neck) {+Inv}
   (You found it in the Dungeon)

   [amulet of nothing]

   It lets you turn invisible.
Scrolls
 m - a scroll of blinking
 n - a scroll of amnesia
 q - a scroll of fog
Potions
 h - a potion of curing
 i - a potion of heal wounds
 j - a potion of haste
 k - 2 potions of magic
 l - a potion of berserk rage


   Skills:
 - Level 1.7 Fighting
 - Level 10.1 Short Blades
 - Level 1.5 Throwing
 - Level 1.1 Dodging
 - Level 15.4 Stealth
 * Level 8.2 Evocations


You had 6 spell levels left.
You didn't know any spells.

Dungeon Overview and Level Annotations

Branches:
Dungeon (1/1)

Altars:
Cheibriados
Dithmenos
Elyvilon
Gozag
Hepliaklqana
Kikubaaqudgha
Makhleb
Nemelex Xobeh
Okawaru
Qazlal
Ru
Sif Muna
Trog
Uskayaw
Vehumet
Wu Jian
Xom
Yredelemnul
Zin
The Shining One
Beogh
Jiyva
Lugonu

Shops:
D ?[


Innate Abilities, Weirdness & Mutations

You do not heal naturally.
You are immune to poison.
You have razor-sharp teeth.
You have supernaturally acute eyesight. (SInv)
You can survive without breathing.


Message History

You flicker for a moment.
You start waiting.
You flicker back into view.
You start waiting.
Done waiting.
You start waiting.
Your magical contamination has completely faded away.
You start waiting.
Done waiting.
You start waiting.
Done waiting.
You start waiting.
Done waiting.
You fail to use your ability.
You fail to use your ability.
You fail to use your ability.
You fade into invisibility!
You are very lightly contaminated with residual magic.
You open the door. The killer bee stings you.
You die...

###############################
#<..P#÷....#.....#.⌠._._._._.⌠.
#PP..÷.....'.#...'.._._._._._..
#PPPP#.....#.#...#..._._._._...
###############'##.._._._._._..
♣.....y..y@..#._._._._._.⌠.
#%.y...♣.....#...##############
#..y..♣.y♣..######
##+####+#####


You could see 3 killer bees.

Vanquished Creatures
  2 wandering mushrooms (D)
  A scorpion (D)
  4 oklob saplings (D)
  A worker ant (D)
  2 spriggans (D)
  A river rat (D)
  A rat (D)
12 creatures vanquished.

Notes
Turn   | Place    | Note
-------+----------+-------------------------------------------
     0 | D        | schets the Vampire Assassin began the quest for the Orb.
     0 | D        | Reached XP level 1. HP: 16/16 MP: 1/1
    19 | D        | Reached skill level 8 in Stealth
    19 | D        | Reached XP level 2. HP: 3/22 MP: 2/2
   290 | D        | Noticed an oklob sapling
   292 | D        | Killed an oklob sapling
   292 | D        | Reached skill level 11 in Stealth
   292 | D        | Reached XP level 3. HP: 27/27 MP: 3/3
   297 | D        | Found the amulet of invisibility {+Inv}
   298 | D        | Reached skill level 12 in Stealth
   447 | D        | Noticed an oklob sapling
   450 | D        | Killed an oklob sapling
   450 | D        | Reached skill level 13 in Stealth
   450 | D        | Reached XP level 4. HP: 33/33 MP: 1/4
   573 | D        | Found an opulent altar of Gozag.
   573 | D        | Found a hazy altar of Hepliaklqana.
   573 | D        | Found a burning altar of Makhleb.
   573 | D        | Found a roughly hewn altar of Beogh.
   573 | D        | Found a sparkling altar of Nemelex Xobeh.
   573 | D        | Found a snail-covered altar of Cheibriados.
   573 | D        | Found a sacrificial altar of Ru.
   573 | D        | Found a deep blue altar of Sif Muna.
   573 | D        | Found a shimmering altar of Xom.
   573 | D        | Found a basalt altar of Yredelemnul.
   574 | D        | Found a viscous altar of Jiyva.
   574 | D        | Found a bloodstained altar of Trog.
   574 | D        | Found an ornate altar of the Wu Jian Council.
   575 | D        | Found an iron altar of Okawaru.
   575 | D        | Found a glowing silver altar of Zin.
   575 | D        | Found a shadowy altar of Dithmenos.
   576 | D        | Found a hide-covered altar of Uskayaw.
   576 | D        | Found an ancient bone altar of Kikubaaqudgha.
   577 | D        | Found a stormy altar of Qazlal.
   577 | D        | Found a glowing golden altar of the Shining One.
   577 | D        | Found a white marble altar of Elyvilon.
   578 | D        | Found a radiant altar of Vehumet.
   578 | D        | Found a corrupted altar of Lugonu.
   581 | D        | Reached skill level 15 in Stealth
  1712 | D        | Reached XP level 5. HP: 38/38 MP: 2/6
  1938 | D        | Reached skill level 5 in Short Blades
  2295 | D        | Found Tanaro's Antique Armour Shop.
  2295 | D        | Found Fucifedd's Magic Scroll Emporium.
  2421 | D        | Noticed a burning bush
  2421 | D        | Noticed a wandering mushroom
  2422 | D        | Noticed a wandering mushroom
  2425 | D        | Killed a wandering mushroom
  2425 | D        | Reached XP level 6. HP: 44/44 MP: 6/11
  2989 | D        | Killed a wandering mushroom
  2989 | D        | Reached skill level 10 in Short Blades
  2989 | D        | Reached XP level 7. HP: 26/49 MP: 9/13
  2995 | D        | HP: 2/49 [burning bush/puff of flame (5)]
  3280 | D        | Noticed a queen bee
  3760 | D        | Slain by a killer bee

Vault maps used:
D:        dungeon_sprint_fedhas

Skill      XL: |  1  2  3  4  5  6 |
---------------+-------------------+-----
Stealth        | 8 11 13 15 | 15.4
Short Blades   | 3 8 10 | 10.1
Evocations     | 2 6 8 |  8.2
Fighting       | |  1.7
Throwing       | |  1.5
Dodging        | |  1.1

Action                   |  1- 3 |  4- 6 |  7- 9 || total
-------------------------+-------+-------+-------++-------
Melee: Dagger            |    15 |     7 |     1 ||    23
       Bite              |     1 |       |       ||     1
 Abil: Evoke Invisibilit |     1 |     6 |     2 ||     9
       End Transformatio |     1 |       |       ||     1
       Bat Form          |     1 |       |       ||     1
  Use: Scroll            |       |     2 |       ||     2
 Stab: Sleeping          |     3 |     7 |       ||    10
Dodge: Dodged            |     4 |       |       ||     4

Table legend:
 A = Spawn XP
 B = Non-spawn XP
 C = Spawn XP percentage of total XP
 D = Spawn monster count
 E = Non-spawn monster count
 F = Spawn count percentage of total count
 G = Total turns spent on level
                    A         B        C        D         E        F      G
               +---------+---------+-------+---------+---------+-------+---------
         Total |       0 |     984 |   0.0 |       0 |      12 |   0.0 |  3760
               +---------+---------+-------+---------+---------+-------+---------
             D |       0 |     984 |   0.0 |       0 |      12 |   0.0 |  3760
               +---------+---------+-------+---------+---------+-------+---------
